 Dungeon Crawl Stone Soup version 0.18-a0-822-gb52b7b4 (webtiles) character file.

13 root the Digger (level 2, -2/20 HPs)
             Began as a Draconian Earth Elementalist on Dec 16, 2015.
             Slain by a jackal (3 damage)
             ... on level 1 of the Dungeon.
             The game lasted 00:03:21 (624 turns).

root the Digger (Draconian Earth Elementalist)       Turns: 624, Time: 00:03:21

Health: -2/20      AC:  4    Str: 10    XL:     2   Next: 24%
Magic:  0/5        EV: 18    Int: 15    God:
Gold:   34         SH:  0    Dex: 16    Spells: 1 memorised, 4 levels left

rFire  . . .     SeeInvis .     (no weapon)
rCold  . . .     Gourm    .     (armour unavailable)
rNeg   . . .     Faith    .     (no shield)
rPois  .         Spirit   .     (helmet restricted)
rElec  .         Dismiss  .     (no cloak)
rCorr  .         Reflect  .     (no gloves)
SustAt .         Harm     .     (no boots)
MR     .....                    (no amulet)
Stlth  +++.......               (no ring)
                                (no ring)

@: agile, not resistant to hostile enchantments, fairly stealthy
A: unfitting armour, cold-blooded, AC +4
a: no special abilities


You were on level 1 of the Dungeon.
You were not hungry.

You visited 1 branch of the dungeon, and saw 1 of its levels.

You collected 34 gold pieces.

Inventory:

Missiles
 a - 29 stones (quivered)
 h - 21 poisoned needles
Jewellery
 f - an uncursed ring of fire
Scrolls
 d - a scroll of identify
Books
 b - a book of Geomancy

   Spells                             Type                      Level
   a - Sandblast                      Earth                        1
   b - Stoneskin                      Transmutation/Earth          2
   c - Passwall                       Transmutation/Earth          3
   d - Stone Arrow                    Conjuration/Earth            3
   e - Petrify                        Transmutation/Earth          4
   f - Lee's Rapid Deconstruction     Earth                        5
Comestibles
 c - a bread ration
 g - a chunk of flesh
 i - a meat ration


   Skills:
 + Level 2.1 Dodging
 - Level 1.7 Stealth
 + Level 0.2 Unarmed Combat
 + Level 2.0 Spellcasting
   Level 1.0 Transmutations
 + Level 3.4 Earth Magic


You had 4 spell levels left.
You knew the following spells:

 Your Spells              Type           Power        Failure   Level  Hunger
a - Sandblast             Erth           ##....       8%          1    #......


Dungeon Overview and Level Annotations

Branches:
Dungeon (1/15)

Altars:


Innate Abilities, Weirdness & Mutations

Your plain brown scales are hard (AC +4).
Your body does not fit into most forms of armour.
You are cold-blooded and may be slowed by cold attacks.


Message History

The goblin barely misses you.
Casting: Sandblast
Confirm with . or Enter, or press ? or * to list all spells.
Aiming: Sandblast
Press: ? - help, Shift-Dir - straight line, f - goblin
Aim: a goblin, wielding a club (lightly wounded)
The blast of sand hits the goblin.
You kill the goblin!
The jackal closely misses you.
You barely miss the jackal. The jackal misses you.
You hit the jackal but do no damage. The jackal barely misses you.
The jackal bites you but does no damage.
You barely miss the jackal. The jackal misses you.
You closely miss the jackal. The jackal barely misses you.
You hit the jackal but do no damage. The jackal completely misses you.
The jackal barely misses you.
You miss the jackal. The jackal closely misses you.
You barely miss the jackal.
Your tail-slap misses the jackal.
The jackal bites you.
You die...

...........#.# ####.#
..>........#.######....####
...........#.h.g..........#
#.........##.######.#####.#
#.........##.######.#####.#
#.........##.#..........#.#
#.........##.#.####.###.#.#
#..............####.# #.#.#
#..............#@##.#
#.#.#####
######.........#h##.#
#.#.#...# #
#.........#.##.###.#.#.#.#
#
#.........#.#....#.#.#.#.#
#
#.###...#.#.#h####.#.#.#.#
# #.# ##..#.#.#.# #.....#.#
# #.# #..#.#†#g# #.#.###.#
# #.# #.>#.#.#.# #.#.# #.#
######.#######.#.#.####.#.#
#.#


You could see a jackal.

Vanquished Creatures
  3 bats (D:1)
  2 goblins (D:1)
  A hobgoblin (D:1)
  3 jackals (D:1)
  A giant cockroach (D:1)
  A kobold (D:1)
11 creatures vanquished.

Notes
Turn   | Place    | Note
--------------------------------------------------------------
     0 | D:1      | root the Draconian Earth Elementalist began the quest for the Orb.
     0 | D:1      | Reached XP level 1. HP: 14/14 MP: 3/3
   583 | D:1      | Reached XP level 2. HP: 11/20 MP: 0/5
   614 | D:1      | HP: 1/20 [goblin/club (5)]
   624 | D:1      | Slain by a jackal

Vault maps used:
D:1:      sevenhm_arrival_forest_fort_large_4

Action                   || total
-------------------------++-------
Melee: Unarmed           ||    20
 Cast: Sandblast         ||    20
  Use: Scroll            ||     1
       Potion            ||     1
